[Event "Team 45 45 League T38"]
[Site "Internet Chess Club"]
[Date "2008.08.25"]
[Round "5"]
[White "Mikey29a"]
[Black "mfeatherston"]
[Result "1-0"]
[WhiteElo "1759"]
[BlackElo "1812"]
[Opening "Sicilian: Hungarian variation"]
[ECO "B34"]
[Time "13:03:23"]
[TimeControl "2700+45"]

1. e4 c5 2. Nf3 g6 3. d4 cxd4 4. Nxd4 Nc6 5. Nb3 Bg7 6. Nc3 Nf6 7. Be3 O-O 8.
Qd2 Ng4 9. Bg5 h6 10. Bh4 d6 11. O-O-O Nf6 12. f3 Be6 13. g4 Nd7 14. Bf2 a5 15.
Nd4 a4 16. Nxe6 fxe6 17. Bc4 Rxf3 18. Bxe6+ Kh7 19. h4 a3 20. Kb1 axb2 21. h5 g5
22. Be3 Nf8 23. Bf5+ Kh8 24. Rdf1 Qa5 25. Rxf3 Bxc3 26. Qd5 Qb4 27. Bxg5 Ne5 28.
Rxc3 Qxc3 29. Bxe7 Nc4 30. Bf6+ Qxf6 31. Qxc4 Nh7 32. Bxh7 Kxh7 33. Rf1 Qg5 34.
Qf7+ Kh8 35. Qf6+ Qg7 36. Qxb2 Qxb2+ 37. Kxb2 Kg7 38. Rd1 Ra6 39. Kb3 Kf6 40.
Rd5 Rc6 41. c4 Ke6 42. g5 hxg5 43. Rxg5 Rc7 44. h6 Kf6 45. Rd5 Ke6 46. Rh5 Rh7
47. Kb4 Kf6 48. c5 Kg6 49. Rh3 dxc5+ 50. Kxc5 Kg5 51. Kd6 Kg4 52. Rh1 Kg5 53. e5
{Black resigns} 1-0

[Event "Team 45 45 League T38"]
[Site "Internet Chess Club"]
[Date "2008.08.24"]
[Round "5"]
[White "allanchs"]
[Black "bmw2002"]
[Result "0-1"]
[WhiteElo "1555"]
[BlackElo "1577"]
[Opening "French: Tarrasch, closed variation"]
[ECO "C05"]
[Time "07:08:16"]
[TimeControl "2700+45"]

1. e4 e6 2. d4 d5 3. Nd2 Nf6 4. e5 Nfd7 5. Bd3 c5 6. c3 Nc6 7. Ne2 f6 8. f4 Be7
9. O-O cxd4 10. cxd4 O-O 11. Nf3 fxe5 12. fxe5 Rf7 13. Be3 Nf8 14. a3 Bd7 15.
Qd2 Na5 16. Qd1 Rc8 17. Rc1 b5 18. Rxc8 Qxc8 19. Bg5 Nc4 20. Bxc4 bxc4 21. Bxe7
Rxe7 22. Ng5 h6 23. Nf3 Bb5 24. Nc3 Rb7 25. Qc2 Be8 26. Nh4 Qd8 27. Qf2 Rf7 28.
Nf3 Nh7 29. Qg3 Qb6 30. Rf2 Qb3 31. Qg6 Re7 32. Qg3 Qb6 33. Qh4 Rf7 34. Qg3 Rf5
35. h3 Bh5 36. Nh4 Rxf2 37. Qxf2 Ng5 38. Nf3 Bxf3 39. h4 Ne4 40. Qxf3 Qxd4+ 41.
Kh2 Qxe5+ 42. Kg1 Nxc3 43. bxc3 Qf6 44. Qg3 e5 45. Qe1 Kf7 46. g3 Ke6 47. Qe3
Qe7 48. Qc1 Qc5+ 49. Kg2 d4 50. cxd4 exd4 51. Qe1+ Qe5 52. Qd1 d3 53. Qg4+ Kd6
54. Qxc4 Qd5+ 55. Qxd5+ Kxd5 56. Kf1 Ke4 57. Ke1 Ke3 58. a4 Kf3 59. Kd2 {White
resigns} 0-1

[Event "Team 45 45 League T38"]
[Site "Internet Chess Club"]
[Date "2008.08.25"]
[Round "5"]
[White "frothyjowels"]
[Black "NFork"]
[Result "1/2-1/2"]
[WhiteElo "2226"]
[BlackElo "2168"]
[Opening "English: symmetrical, Benoni formation"]
[ECO "A32"]
[Time "00:06:29"]
[TimeControl "2700+45"]

1. d4 Nf6 2. c4 c5 3. Nf3 e6 4. Nc3 cxd4 5. Nxd4 a6 6. e4 Qc7 7. Be3 Bb4 8. f3
O-O 9. Be2 d5 10. cxd5 exd5 11. Rc1 dxe4 12. O-O Qe5 13. Nxe4 Nxe4 14. fxe4 Nd7
15. Qb3 Bd6 16. Nf3 Qe7 17. Bd4 Nc5 18. Qd5 Be6 19. Qg5 f6 20. Qe3 Rac8 21. Nh4
Rfe8 22. Bh5 Red8 23. Nf5 Bxf5 24. exf5 Qxe3+ 25. Bxe3 Na4 26. Rxc8 Rxc8 27. Rd1
Bc5 28. Bxc5 Nxc5 29. b4 Ne4 30. Bf3 Rc4 31. Re1 Nc3 32. a3 Rc7 33. Re8+ Kf7 34.
Rb8 Nb5 35. Rxb7 Rxb7 36. Bxb7 Nxa3 37. Bxa6 Nc2 38. b5 Ke7 39. Kf2 Kd6 40. b6
Nb4 {Game drawn by mutual agreement} 1/2-1/2

[Event "Team 45 45 League T38"]
[Site "Internet Chess Club"]
[Date "2008.08.25"]
[Round "5"]
[White "RayKinStL"]
[Black "primerpaso"]
[Result "1-0"]
[WhiteElo "1803"]
[BlackElo "1908"]
[Opening "Sicilian: Najdorf, 7...Be7 main line"]
[ECO "B99"]
[Time "19:35:53"]
[TimeControl "2700+45"]

1. e4 c5 2. Nf3 d6 3. d4 cxd4 4. Nxd4 Nf6 5. Nc3 a6 6. Bg5 e6 7. f4 Be7 8. Qf3
Qc7 9. O-O-O Nbd7 10. Bd3 Nc5 11. f5 b5 12. fxe6 fxe6 13. Bxf6 Bxf6 14. e5 Nxd3+
15. Rxd3 dxe5 16. Nxe6 Qb7 17. Nd5 Kf7 18. Nxg7 Qc6 19. Qh5+ Kxg7 20. Rg3+ Kf8
21. Qh6+ Ke8 22. Nxf6+ Kd8 23. Rd1+ Kc7 24. Rc3 {Black resigns} 1-0

[Event "Team 45 45 League T38"]
[Site "Internet Chess Club"]
[Date "2008.08.25"]
[Round "5"]
[White "Avedldesierto"]
[Black "political"]
[Result "1-0"]
[WhiteElo "1814"]
[BlackElo "1801"]
[Opening "Scandinavian (center counter) defense"]
[ECO "B01"]
[Time "19:09:26"]
[TimeControl "2700+45"]

1. e4 d5 2. exd5 Qxd5 3. Nc3 Qa5 4. d3 Nf6 5. Bd2 c6 6. Be2 g6 7. Nf3 Bg7 8. O-O
O-O 9. h3 Qc7 10. Ne4 Nxe4 11. dxe4 Bxb2 12. Rb1 Bg7 13. Bc4 Nd7 14. a3 Ne5 15.
Nxe5 Qxe5 16. Qf3 b6 17. Bf4 Qc3 18. Qxc3 Bxc3 19. Rb3 Bd4 20. e5 Bf5 21. c3 Bc5
22. Rc1 Rfd8 23. a4 Bd3 24. Bxd3 Rxd3 25. Kf1 Rad8 26. Ke2 Kg7 27. h4 h6 28. Rc2
Rd1 29. a5 Rg1 30. axb6 axb6 31. Rc1 Rxc1 32. Bxc1 h5 33. Be3 Bxe3 34. Kxe3 b5
35. c4 bxc4 36. Rc3 Rd3+ 37. Rxd3 cxd3 38. Kxd3 Kf8 39. f4 Ke8 40. Ke4 Kd7 41.
f5 e6 42. fxg6 fxg6 43. Kd4 Kd8 44. Kc5 Kc7 45. g3 Kd7 46. Kb6 c5 47. Kxc5 Kc7
48. Kb5 Kb7 49. Kc5 Kc7 50. Kd4 Kb6 51. Ke4 Kc5 52. Kf4 Kd4 53. Kg5 Kxe5 54.
Kxg6 Kd4 55. Kxh5 e5 56. g4 e4 57. g5 e3 58. g6 e2 59. g7 e1=Q 60. g8=Q Qe5+ 61.
Qg5 Qh8+ 62. Kg4 Kc3 63. Qc1+ Kb3 64. h5 Qg7+ 65. Kh3 Qd7+ 66. Kg3 Qg7+ 67. Kh4
Qe7+ 68. Qg5 Qe4+ 69. Qg4 Qe7+ 70. Kh3 Ka2 71. Qa4+ Kb1 72. Qb5+ Ka2 73. Qa6+
Kb2 74. Qb6+ Ka2 75. h6 Qd7+ 76. Kh4 Qe7+ 77. Kg4 Qd7+ 78. Kg5 Qe7+ 79. Qf6 Qe3+
80. Qf4 Qe7+ 81. Kg6 Kb1 82. Qf5+ Ka2 83. Qf7+ Ka3 84. Qxe7+ {Black resigns} 1-0

[Event "Team 45 45 League T38"]
[Site "Internet Chess Club"]
[Date "2008.08.22"]
[Round "5"]
[White "f5"]
[Black "RedAttack"]
[Result "0-1"]
[WhiteElo "2138"]
[BlackElo "1951"]
[Opening "Catalan: closed"]
[ECO "E06"]
[Time "13:13:17"]
[TimeControl "2700+45"]

1. d4 e6 2. c4 Nf6 3. g3 d5 4. Bg2 Be7 5. Nc3 c6 6. a4 dxc4 7. e4 O-O 8. Nf3 Bb4
9. Ne5 Nbd7 10. Nxc4 Nb6 11. Qd3 Nxc4 12. Qxc4 a5 13. O-O e5 14. dxe5 Ng4 15.
Bf4 g5 16. Rad1 Qe7 17. Bc1 Nxe5 18. Qe2 f6 19. f4 Bg4 20. Qc2 Bxd1 21. Rxd1 Nd7
22. e5 fxe5 23. fxg5 Nc5 24. Na2 Rad8 25. Nxb4 axb4 26. Rxd8 Qxd8 27. Be3 Qd3
28. Qxd3 Nxd3 29. b3 Rd8 30. h4 Ne1 31. Be4 Nd3 32. Kf1 Nc1 33. Bc2 Na2 34. Ke1
Nc3 35. Bb6 Rd5 36. Bf5 Rd1+ 37. Kf2 Nd5 38. Bc5 b6 39. Bd6 e4 40. Be5 e3+ 41.
Ke2 Rd2+ 42. Ke1 Nc3 {White resigns} 0-1

[Event "Team 45 45 League T38"]
[Site "Internet Chess Club"]
[Date "2008.08.22"]
[Round "5"]
[White "cesaralexander"]
[Black "Elddir"]
[Result "0-1"]
[WhiteElo "1866"]
[BlackElo "2089"]
[Opening "Nimzo-Indian: classical variation"]
[ECO "E32"]
[Time "22:15:03"]
[TimeControl "2700+45"]

1. d4 Nf6 2. c4 e6 3. Nc3 Bb4 4. Qc2 O-O 5. a3 Bxc3+ 6. Qxc3 Ne4 7. Qc2 f5 8.
Nf3 b6 9. e3 Bb7 10. Be2 d6 11. b4 a5 12. b5 Nd7 13. Bb2 Qe7 14. Rc1 g5 15. Rg1
g4 16. Nd2 Qh4 17. Nxe4 Bxe4 18. Qc3 Qxh2 19. Kd2 Bxg2 20. c5 Nf6 21. Bd3 Be4
22. Ke2 Bf3+ 23. Kf1 Nd5 24. Qd2 f4 25. exf4 Nxf4 26. Qe3 Bg2+ 27. Rxg2 Qxg2+
28. Ke1 Nxd3+ 29. Qxd3 Qxf2+ 30. Kd1 Qxb2 {White resigns} 0-1

[Event "Team 45 45 League T38"]
[Site "Internet Chess Club"]
[Date "2008.08.23"]
[Round "5"]
[White "Budzo"]
[Black "Intelectual"]
[Result "0-1"]
[WhiteElo "1698"]
[BlackElo "1937"]
[Opening "King's Indian: Andersson variation"]
[ECO "E92"]
[Time "10:01:22"]
[TimeControl "2700+45"]

1. Nf3 Nf6 2. d4 g6 3. c4 Bg7 4. Nc3 O-O 5. e4 d6 6. Be2 e5 7. dxe5 dxe5 8. Qxd8
Rxd8 9. Bg5 Re8 10. Nd5 Nxd5 11. cxd5 c6 12. dxc6 Nxc6 13. Rc1 Be6 14. a3 a6 15.
O-O Rac8 16. h3 f6 17. Be3 Bf8 18. Bc4 Bxc4 19. Rxc4 Red8 20. Rfc1 Rd3 21. Bb6
Rb3 22. Be3 Rxb2 23. a4 Rd8 24. R4c2 Rxc2 25. Rxc2 Rd1+ 26. Kh2 Ra1 27. Rc4 Kf7
28. Nd2 f5 29. exf5 gxf5 30. Nb3 Rb1 31. Nc5 Na5 32. Rc2 f4 33. Bd2 Bxc5 34.
Rxc5 Nc6 35. Rc2 Ke6 36. Bc3 h5 37. g4 hxg4 38. hxg4 e4 39. Kh3 Rb3 40. Kh4 Ne7
41. Kh5 e3 42. fxe3 fxe3 43. g5 Nd5 44. Bd4 Nf4+ 45. Kh6 e2 46. Bf2 Rh3+ 47. Kg7
Rh1 48. Rc4 Ke5 49. Rc5+ Kd6 50. Rc4 Ne6+ {White resigns} 0-1

[Event "Team 45 45 League T38"]
[Site "Internet Chess Club"]
[Date "2008.08.22"]
[Round "5"]
[White "vkpanch"]
[Black "frankd"]
[Result "1-0"]
[WhiteElo "1714"]
[BlackElo "1641"]
[Opening "Pirc: classical (two knights) system"]
[ECO "B08"]
[Time "21:00:42"]
[TimeControl "2700+45"]

1. e4 d6 2. d4 Nf6 3. Nc3 g6 4. Nf3 Bg7 5. Be3 c6 6. Qd2 b5 7. a4 b4 8. Na2 a5
9. Bd3 Bg4 10. e5 Bxf3 11. exf6 Bxf6 12. gxf3 c5 13. Bb5+ Kf8 14. c3 Na6 15.
dxc5 Nxc5 16. Bxc5 dxc5 17. Rd1 Qxd2+ 18. Rxd2 Kg7 19. Ke2 Rhd8 20. Rxd8 Rxd8
21. Rd1 Rd6 22. Rxd6 exd6 23. cxb4 axb4 24. b3 d5 25. a5 Bd8 26. a6 Bb6 27. Kd3
Kf6 28. Bc6 Ke5 29. Be8 f6 30. Bf7 g5 31. Nc1 Kf4 32. Bxd5 f5 33. Ne2+ Ke5 34.
Bb7 h5 35. Ng3 h4 36. Nf1 Kd6 37. Ne3 Ke5 38. Nc4+ {Black resigns} 1-0

[Event "Team 45 45 League T38"]
[Site "Internet Chess Club"]
[Date "2008.08.22"]
[Round "5"]
[White "clarinetref"]
[Black "avila"]
[Result "1-0"]
[WhiteElo "1691"]
[BlackElo "1746"]
[Opening "Réti: old Indian attack"]
[ECO "A06"]
[Time "11:34:57"]
[TimeControl "2700+45"]

1. Nf3 d5 2. d3 c5 3. b3 Nc6 4. Nbd2 Nf6 5. Bb2 Bg4 6. g3 d4 7. h3 Bh5 8. Bg2
Qc7 9. c3 e5 10. Rc1 Rc8 11. cxd4 Nxd4 12. e3 Nxf3+ 13. Nxf3 Qa5+ 14. Bc3 Bxf3
15. Qxf3 Qc7 16. Qxb7 Qxb7 17. Bxb7 Rb8 18. Bc6+ Nd7 19. Bxe5 Rb6 20. Bxd7+ Kxd7
21. O-O f6 22. Bb2 Be7 23. Rc4 Ra6 24. Ra1 Ke6 25. d4 Rd8 26. Kf1 g6 27. Ke2 Rd5
28. dxc5 Rxc5 29. Rxc5 Bxc5 30. a3 h5 31. b4 Be7 32. Rc1 Rd6 33. Bd4 a6 34. Rc7
g5 35. Bc5 Rd7 36. Rc6+ Kd5 37. Rxa6 Bd8 38. Bd4 Kc4 39. Bxf6 Bxf6 40. Rxf6 Ra7
41. Rg6 g4 42. hxg4 hxg4 43. Rxg4+ Kb3 44. b5 Kxa3 45. f4 Kb4 46. Rg5 Kc4 47. g4
Ra2+ 48. Kf3 Kd3 49. b6 Rb2 50. Rd5+ Kc4 51. Rd6 Kc5 52. Re6 Kd5 53. f5 Rb1 54.
e4+ Kc5 55. Kf4 Rb2 56. Kg5 Rb4 57. Kf6 Rb1 58. g5 Rb2 59. g6 Rb1 60. g7 Rg1 61.
b7 {Black resigns} 1-0

[Event "Team 45 45 League T38"]
[Site "Internet Chess Club"]
[Date "2008.08.26"]
[Round "5"]
[White "Caminator"]
[Black "RD1974"]
[Result "1-0"]
[WhiteElo "1418"]
[BlackElo "1540"]
[Opening "Scandinavian: Pytel-Wade variation"]
[ECO "B01"]
[Time "18:03:45"]
[TimeControl "2700+45"]

1. e4 d5 2. exd5 Qxd5 3. Nc3 Qd6 4. d4 Nf6 5. Nf3 a6 6. Bc4 e6 7. O-O h6 8. Re1
Be7 9. Be3 Nbd7 10. Qd2 b5 11. Bb3 Bb7 12. Bf4 Qb6 13. Rad1 c6 14. Be3 Nd5 15.
Nxd5 cxd5 16. Bf4 a5 17. a3 Bc6 18. Ne5 O-O 19. Re3 a4 20. Ba2 b4 21. Nxc6 Qxc6
22. axb4 Rfc8 23. c3 Nf6 24. Qe2 Bd6 25. Qf3 Qc7 26. Bxd6 Qxd6 27. Rde1 Ne4 28.
Qe2 a3 29. bxa3 Rxa3 30. Qb2 Raxc3 31. Rxc3 Nxc3 32. Qc2 Qc6 33. Bb1 Nxb1 34.
Qxc6 Rxc6 35. Rxb1 Rb6 36. Kf1 Kf8 37. Ke2 Ke7 38. Kd3 Kd6 39. b5 f6 40. f4 g5
41. g3 Kc7 42. Kc3 Kb7 43. Kb4 Rd6 44. Kc5 Rd8 45. Re1 Rc8+ 46. Kd6 Rc2 47. Rxe6
gxf4 48. gxf4 Rxh2 49. Rxf6 h5 50. Kxd5 h4 51. Rh6 h3 52. Ke4 Rh1 53. Kf3 h2 54.
Kg2 Rd1 55. Kxh2 Rxd4 56. f5 Rf4 57. f6 Rf5 58. Rh7+ Kb6 59. f7 Kxb5 60. Kg3 Kc5
61. Kg4 Rf1 62. Kg5 Kd6 63. Kg6 Ke7 64. Rg7 Kf8 65. Rg8+ Ke7 66. Re8+ Kd7 67.
f8=Q Rg1+ 68. Kh7 Rh1+ 69. Kg8 Rg1+ 70. Kf7 Rf1+ 71. Kg6 Rg1+ 72. Kf5 Rf1+ 73.
Kg4 Rg1+ 74. Kh3 Rh1+ 75. Kg2 Rh7 76. Qf5+ Kxe8 77. Qxh7 Kf8 78. Kf3 Ke8 79. Ke4
Kf8 80. Ke5 Ke8 81. Ke6 {Black resigns} 1-0

[Event "Team 45 45 League T38"]
[Site "Internet Chess Club"]
[Date "2008.08.26"]
[Round "5"]
[White "Aquaman"]
[Black "soccerisfun"]
[Result "0-1"]
[WhiteElo "1354"]
[BlackElo "1306"]
[Opening "Blackmar-Diemer: Euwe defense"]
[ECO "D00"]
[Time "20:00:11"]
[TimeControl "2700+45"]

1. d4 d5 2. e4 dxe4 3. Nc3 Nf6 4. f3 exf3 5. Nxf3 e6 6. Bd3 Nc6 7. Be3 Bb4 8.
O-O Bxc3 9. bxc3 Nd5 10. Bd2 b6 11. Qe1 Bb7 12. Ng5 Nf6 13. Be4 h6 14. Nf3 Nxe4
15. Qxe4 Na5 16. Qg4 g5 17. Ne5 f5 18. Qh5+ Ke7 19. Qf7+ Kd6 20. Qh5 Qe8 21.
Qxe8 Rhxe8 22. Nf7+ Ke7 23. Nxh6 g4 24. Bg5+ Kd7 25. Nf7 Bd5 26. Ne5+ Kc8 27.
Bf4 Kb7 28. a4 Rad8 29. Rab1 Kc8 30. Rfe1 Bc4 31. Rb4 Ba6 32. Nf7 Rd5 33. Ng5
Kd7 34. Nf7 c5 35. Ne5+ Rxe5 36. Bxe5 cxb4 37. cxb4 Nc4 38. b5 Bb7 39. Bf4 Be4
40. c3 Rc8 41. Bc1 Bc2 42. Re2 Bxa4 43. Ra2 Bxb5 44. Rxa7+ Rc7 45. Ra1 Nd6 46.
Bd2 Ne4 47. Bf4 Rxc3 48. Ra7+ Kc8 49. Ra8+ Kb7 50. Rb8+ Ka7 51. Rf8 Rd3 52. g3
Rd1+ 53. Kg2 Bf1+ 54. Kg1 Bh3# {White checkmated} 0-1

[Event "Team 45 45 League T38"]
[Site "Internet Chess Club"]
[Date "2008.08.26"]
[Round "5"]
[White "thepawneater"]
[Black "Avedldesierto"]
[Result "1/2-1/2"]
[WhiteElo "1825"]
[BlackElo "1814"]
[Opening "King's pawn game"]
[ECO "C50"]
[Time "19:04:31"]
[TimeControl "2700+45"]

1. e4 e5 2. Nf3 Nc6 3. Bc4 Nd4 4. Nxd4 exd4 5. O-O d6 6. c3 dxc3 7. Nxc3 c6 8.
d4 b5 9. Bb3 b4 10. Ne2 Nf6 11. Qc2 Bd7 12. Re1 Be7 13. e5 dxe5 14. dxe5 Nd5 15.
Nd4 Qc8 16. e6 fxe6 17. Qe2 Kf7 18. Nf3 Bf6 19. Ne5+ Bxe5 20. Qh5+ Kg8 21. Rxe5
a5 22. Bc4 Qe8 23. Qe2 Qf7 24. a3 Re8 25. axb4 axb4 26. Ra7 h6 27. Bd2 {Game
drawn by mutual agreement} 1/2-1/2

[Event "Team 45 45 League T38"]
[Site "Internet Chess Club"]
[Date "2008.08.24"]
[Round "5"]
[White "sallegreco"]
[Black "Kravier"]
[Result "0-1"]
[WhiteElo "1467"]
[BlackElo "1535"]
[Opening "Sicilian: Alapin's variation (2.c3)"]
[ECO "B22"]
[Time "09:11:16"]
[TimeControl "2700+45"]

1. e4 c5 2. c3 e5 3. Nf3 d6 4. d3 Nc6 5. h3 Be6 6. c4 Nd4 7. Nxd4 cxd4 8. Be2
Ne7 9. O-O Ng6 10. f4 exf4 11. Bxf4 Nxf4 12. Rxf4 Be7 13. Bg4 O-O 14. Rf1 Qd7
15. Bxe6 fxe6 16. Nd2 Bg5 17. Nf3 Be3+ 18. Kh1 e5 19. Qb3 h6 20. Nh4 Kh7 21. Nf5
Bg5 22. Qb4 Rf6 23. Qe1 g6 24. Ng3 Raf8 25. Rxf6 Rxf6 26. Qe2 Bh4 27. Rf1 a5 28.
Rxf6 Bxf6 29. Nf1 b5 30. b3 bxc4 31. bxc4 Qa4 32. Nh2 Bg5 33. Nf3 Be3 34. c5 Qb4
35. cxd6 Qxd6 36. Nd2 Qb4 37. Nc4 Qb1+ 38. Kh2 Qg1+ 39. Kg3 Bf4+ 40. Kf3 a4 41.
Qf2 Qd1+ 42. Qe2 Qc1 43. Kf2 Bh2 44. Kf3 Qf4# {White checkmated} 0-1

[Event "Team 45 45 League T38"]
[Site "Internet Chess Club"]
[Date "2008.08.22"]
[Round "5"]
[White "xlxe5"]
[Black "arriero55"]
[Result "1-0"]
[WhiteElo "1297"]
[BlackElo "1463"]
[Opening "Queen's pawn game"]
[ECO "D05"]
[Time "15:15:29"]
[TimeControl "2700+45"]

1. d4 Nf6 2. Nf3 d5 3. e3 e6 4. Bd3 Nbd7 5. Nbd2 c5 6. c3 cxd4 7. cxd4 a6 8. Qe2
Bb4 9. O-O O-O 10. e4 dxe4 11. Nxe4 h6 12. Nxf6+ Nxf6 13. a3 Bd6 14. Re1 Re8 15.
Bd2 Re7 16. Bc3 Qe8 17. Rad1 Bd7 18. Ne5 Ba4 19. Bc2 Bxc2 20. Qxc2 Rc8 21. Qe2
Bxa3 22. bxa3 Rxc3 23. Rd3 Rc8 24. Rdd1 Rec7 25. Nd3 Rc2 26. Qe3 b6 27. Rc1 Nd5
28. Qe4 Rxc1 29. Rxc1 Rxc1+ 30. Nxc1 Qc8 31. Qe1 Qc3 32. Qxc3 Nxc3 33. Kf1 Kf8
34. Ke1 Ke7 35. Kd2 Nd5 36. Kd3 Nf4+ 37. Ke4 Nxg2 38. Nd3 Nh4 39. Nf4 Nf5 40. d5
Nd6+ 41. Ke5 Nc4+ 42. Kd4 Nxa3 43. dxe6 fxe6 44. Ke5 Nc4+ 45. Kd4 b5 46. Kc5 Kd7
47. Nd3 Nd6 48. Kb6 Ne4 49. f3 Nd2 50. f4 {Black forfeits on time} 1-0

[Event "Team 45 45 League T38"]
[Site "Internet Chess Club"]
[Date "2008.08.22"]
[Round "5"]
[White "Tomate"]
[Black "AgentP"]
[Result "1-0"]
[WhiteElo "1472"]
[BlackElo "1148"]
[Opening "Ruy Lopez: Steinitz defense deferred (Russian defense)"]
[ECO "C79"]
[Time "19:12:29"]
[TimeControl "2700+45"]

1. e4 e5 2. Nf3 Nc6 3. Bb5 a6 4. Ba4 Nf6 5. O-O d6 6. Nc3 Bg4 7. h3 Bh5 8. d3
Be7 9. g4 Bg6 10. Bg5 h6 11. Bxf6 Bxf6 12. Nh2 Bg5 13. Nf3 O-O 14. Nd5 f6 15. h4
Bf4 16. Bb3 Bf7 17. c3 Qd7 18. Nh2 Bxh2+ 19. Kxh2 Na5 20. f3 Nxb3 21. axb3 Bxd5
22. exd5 c6 23. dxc6 Qxc6 24. b4 b5 25. Qe2 f5 26. g5 hxg5 27. hxg5 Qd7 28. Qg2
f4 29. Rh1 g6 30. Kg1 Qa7+ 31. Kf1 Qe3 32. Rd1 Rad8 33. Qh3 Kf7 34. Qh7+ Ke6 35.
Qxg6+ Ke7 36. Rh7+ Rf7 37. Qxf7# {Black checkmated} 1-0

[Event "Team 45 45 League T38"]
[Site "Internet Chess Club"]
[Date "2008.08.20"]
[Round "5"]
[White "chess9793"]
[Black "PandorasBox"]
[Result "0-1"]
[WhiteElo "1786"]
[BlackElo "2102"]
[Opening "French: Steinitz variation"]
[ECO "C11"]
[Time "15:15:51"]
[TimeControl "2700+45"]

1. e4 e6 2. d4 d5 3. Nc3 Nf6 4. e5 Nfd7 5. Nge2 Nc6 6. a3 Nb6 7. Ng3 Bd7 8. Be2
Qh4 9. Be3 O-O-O 10. Qd2 h6 11. O-O-O Nc4 12. Bxc4 dxc4 13. Qe2 Be7 14. f4 g5
15. fxg5 Bxg5 16. Bxg5 hxg5 17. Qe4 Rdg8 18. Nge2 Ne7 19. g3 Qh3 20. g4 Bc6 21.
d5 Nxd5 22. Nxd5 Bxd5 23. Rxd5 exd5 24. Qf5+ Kb8 25. Ng3 Qg2 26. Qxf7 Rf8 27.
Qg7 Re8 28. Qxg5 d4 29. Qf5 c3 30. bxc3 dxc3 31. Qd3 Qc6 32. Qd4 Rd8 33. Qe3 Qc4
34. Qf3 Qc5 {White resigns} 0-1

[Event "Team 45 45 League T38"]
[Site "Internet Chess Club"]
[Date "2008.08.22"]
[Round "5"]
[White "chess9397"]
[Black "crazynights"]
[Result "1-0"]
[WhiteElo "1841"]
[BlackElo "1453"]
[Opening "Giuoco Piano: four knights variation"]
[ECO "C47"]
[Time "16:00:05"]
[TimeControl "2700+45"]

1. e4 e5 2. Nf3 Nc6 3. Nc3 Nf6 4. Bc4 Bc5 5. O-O O-O 6. d3 h6 7. a3 a6 8. Be3
Qe7 9. Nd5 Nxd5 10. exd5 Nd4 11. c3 Nxf3+ 12. Qxf3 Ba7 13. Rfe1 d6 14. Bxa7 Rxa7
15. d4 f6 16. Qe3 Ra8 17. f4 e4 18. Qxe4 Qf7 19. Qe7 Bd7 20. Re3 Rae8 21. Qxf7+
Kxf7 22. Rg3 Re4 23. Rf1 Rfe8 24. Bd3 Re3 25. Bg6+ Kf8 26. Bxe8 Rxe8 27. Kf2 Bb5
28. Re1 Bc4 29. Rxe8+ Kxe8 30. Rxg7 Bxd5 31. Rxc7 Bc6 32. Rh7 {Black resigns}
1-0

[Event "Team 45 45 League T38"]
[Site "Internet Chess Club"]
[Date "2008.08.23"]
[Round "5"]
[White "yellowpebble"]
[Black "JABalin"]
[Result "0-1"]
[WhiteElo "1531"]
[BlackElo "1656"]
[Opening "Sicilian defense"]
[ECO "B20"]
[Time "11:00:46"]
[TimeControl "2700+45"]

1. e4 c5 2. Be2 Nc6 3. Nf3 g6 4. d4 cxd4 5. Nxd4 Bg7 6. Be3 Nf6 7. Nc3 O-O 8.
Qd2 d5 9. Nxc6 bxc6 10. e5 Nd7 11. f4 Nb6 12. O-O-O Qc7 13. h4 Rd8 14. h5 d4 15.
hxg6 fxg6 16. Bf2 Bf5 17. Nb1 Be6 18. Qa5 Qd7 19. Nd2 Qd5 20. Nb3 Qxg2 21. Nxd4
Rxd4 22. Bxd4 Qxe2 23. Bxb6 Bf5 24. Qa4 Rc8 25. Bc5 e6 26. Rd7 h5 27. Rhd1 Kh7
28. b3 {White resigns} 0-1

[Event "Team 45 45 League T38"]
[Site "Internet Chess Club"]
[Date "2008.08.23"]
[Round "5"]
[White "tsia68"]
[Black "lele"]
[Result "0-1"]
[WhiteElo "1882"]
[BlackElo "1959"]
[Opening "English opening"]
[ECO "A13"]
[Time "15:00:26"]
[TimeControl "2700+45"]

1. c4 e6 2. g3 Nf6 3. Bg2 d5 4. b3 Be7 5. Nf3 Nbd7 6. Bb2 b6 7. O-O Bb7 8. e3
O-O 9. Qe2 dxc4 10. bxc4 Nc5 11. Ba3 Nce4 12. Bxe7 Qxe7 13. d3 Nc5 14. d4 Nce4
15. Nbd2 c5 16. Nxe4 Nxe4 17. Ne5 cxd4 18. exd4 Nf6 19. Rac1 Bxg2 20. Kxg2 Rac8
21. Rc2 Rc7 22. Rfc1 Rfc8 23. Kg1 Qd6 24. c5 Qxd4 25. cxb6 Qxb6 26. Rxc7 Rxc7
27. Rxc7 Qxc7 28. Qa6 h6 29. Nc6 Qb6 30. Qc8+ Kh7 31. Ne5 Qb1+ 32. Kg2 Qe4+ 33.
Nf3 g5 34. Qc7 Kg6 35. h3 h5 36. Qe5 Qxe5 37. Nxe5+ Kg7 38. Kf3 Nd5 39. Nc6 a6
40. a4 a5 41. Ke4 Nc3+ 42. Ke5 Nxa4 43. Nxa5 Nc3 44. f4 gxf4 45. gxf4 Kg6 46.
Nc6 Nd5 47. f5+ Kg5 48. fxe6 fxe6 49. h4+ Kxh4 50. Kxe6 Kg3 51. Kxd5 h4 52. Nd4
h3 53. Ne2+ Kf2 54. Nf4 h2 55. Nd3+ Ke3 {White resigns} 0-1

[Event "Team 45 45 League T38"]
[Site "Internet Chess Club"]
[Date "2008.08.23"]
[Round "5"]
[White "charles-allen"]
[Black "primerpaso"]
[Result "0-1"]
[WhiteElo "1866"]
[BlackElo "1903"]
[Opening "Sicilian: Najdorf, Byrne (English) attack"]
[ECO "B90"]
[Time "20:00:30"]
[TimeControl "2700+45"]

1. e4 c5 2. Nf3 d6 3. d4 cxd4 4. Nxd4 Nf6 5. Nc3 a6 6. Be3 e5 7. Nf3 Qc7 8. Be2
Be6 9. O-O Nbd7 10. Nd5 Bxd5 11. exd5 Nb6 12. Bxb6 Qxb6 13. b3 g6 14. Ng5 Bh6
15. Nh3 O-O 16. Kh1 Ne4 17. Qd3 f5 18. f4 exf4 19. Bf3 Nc5 20. Qd4 g5 21. b4 Nd7
22. Qxb6 Nxb6 23. Be2 Rac8 24. Bd3 Nxd5 25. a3 Ne3 26. Rf2 d5 27. Ng1 Bg7 28.
Rb1 Rc3 29. Rb3 Rxb3 30. cxb3 Rc8 31. Ne2 Be5 32. g3 fxg3 33. hxg3 Rf8 34. Rh2
Kg7 35. Kg1 h6 36. Kf2 Ng4+ {White resigns} 0-1

[Event "Team 45 45 League T38"]
[Site "Internet Chess Club"]
[Date "2008.08.24"]
[Round "5"]
[White "frankd"]
[Black "jazzyrick"]
[Result "0-1"]
[WhiteElo "1602"]
[BlackElo "1520"]
[Opening "Sicilian: closed"]
[ECO "B23"]
[Time "20:23:07"]
[TimeControl "2700+45"]

1. e4 c5 2. Nc3 d6 3. g3 Nc6 4. Bg2 a6 5. d3 e6 6. f4 Be7 7. Nf3 Nf6 8. O-O O-O
9. h3 Bd7 10. g4 b5 11. a3 Qb6 12. Kh1 a5 13. Be3 b4 14. axb4 axb4 15. Na4 Qb5
16. b3 Rfd8 17. Qe2 Nxe4 18. Bf2 Nxf2+ 19. Qxf2 Bf6 20. Rae1 Nd4 21. Nh2 Bc6 22.
g5 Bxg2+ 23. Qxg2 Be7 24. Ng4 Kh8 25. h4 Nf5 26. h5 Ra7 27. g6 fxg6 28. hxg6 Qb7
29. Qxb7 Rxb7 30. Rxe6 Ng3+ 31. Kg2 Nxf1 32. Kxf1 h5 33. Ne3 Bf6 34. Nd5 Bd4 35.
Kg2 Kg8 36. Kg3 Kf8 37. Kh4 Rbd7 38. Kxh5 Re8 39. f5 Be5 40. Nab6 Ra7 41. Na4
Rxe6 42. fxe6 Re7 43. Nab6 Rxe6 44. Nd7+ Ke8 45. N7b6 Kd8 46. Kg5 Bf6+ 47. Kf4
Bd4 48. Kg5 Re2 49. Kf5 Rxc2 50. Ke6 Be5 51. Nc4 Bh2 52. Kf7 Rxc4 53. dxc4 Be5
54. Ne3 Kd7 55. Nf5 d5 56. cxd5 c4 57. bxc4 b3 58. Ne3 b2 {White resigns} 0-1

[Event "Team 45 45 League T38"]
[Site "Internet Chess Club"]
[Date "2008.08.27"]
[Round "5"]
[White "BraafPaard"]
[Black "tryanything"]
[Result "1-0"]
[WhiteElo "1543"]
[BlackElo "1683"]
[Opening "Budapest: Adler variation"]
[ECO "A52"]
[Time "19:00:16"]
[TimeControl "2700+45"]

1. d4 Nf6 2. c4 e5 3. dxe5 Ng4 4. Nf3 Bc5 5. e3 Nc6 6. Be2 O-O 7. O-O Ngxe5 8.
Nc3 Nxf3+ 9. Bxf3 Ne5 10. Be2 d6 11. f4 Ng6 12. f5 Nh4 13. f6 gxf6 14. Nd5 f5
15. Qe1 Qg5 16. Qg3 Qxg3 17. hxg3 Ng6 18. Nxc7 Rb8 19. Bd3 Ne5 20. Be2 Ng4 21.
Bxg4 fxg4 22. Kh2 Be6 23. b3 a6 24. e4 Rbc8 25. Nxe6 fxe6 26. Bh6 Rf7 27. Rf4
Rxf4 28. gxf4 Bd4 29. Rd1 e5 30. f5 b5 31. Rc1 Rc6 32. cxb5 Rxc1 33. Bxc1 axb5
34. Kg3 b4 35. a4 Kf7 36. Kxg4 Bc5 37. a5 Kf6 38. a6 Kf7 39. Kf3 {Black resigns}
1-0